 Dungeon Crawl Stone Soup version 0.25-a0-1056-g2efb326896 (webtiles) character file.

Game seed: 17782984651113099493, levelgen mode: deterministic

136 Esekla the Skirmisher (level 5, -3/43 HPs)
             Began as a Formicid Abyssal Knight on May 13, 2020.
             Was a Follower of Lugonu.
             Shot with an arrow by a centaur warrior (23 damage)
             ... on level 15 of the Dungeon.
             The game lasted 00:19:52 (3653 turns).

Esekla the Skirmisher (Formicid Abyssal Knight)     Turns: 3653, Time: 00:19:55

Health: -3/43      AC:  4    Str: 17    XL:     5   Next: 43%
Magic:  6/6        EV:  7    Int: 11    God:    Lugonu [*.....]
Gold:   164        SH:  0    Dex: 11    Spells: 6/6 levels left

rFire    . . .     SeeInvis +   a - +1 falchion
rCold    . . .     Gourm    .   (no shield)
rNeg     . . .     Faith    .   b - +0 leather armour
rPois    .         Spirit   .   (helmet unavailable)
rElec    .         Reflect  .   n - +0 cloak (curse)
rCorr    .         Harm     .   (no gloves)
MR       .....                  (no boots)
Stlth    +.........             d - amulet of magic regeneration
HPRegen  0.14/turn              q - -4 ring of evasion (curse)
MPRegen  0.35/turn              (no ring)

@: lethally poisoned (-3 -> -17)
A: permanent stasis, dig shafts and tunnels, four strong arms, antennae 3
a: Dig, Shaft Self, Depart the Abyss, Renounce Religion


You were on level 15 of the Dungeon.
You worshipped Lugonu.
Lugonu was aware of your devotion.
You were not hungry.

You visited 1 branch of the dungeon, and saw 8 of its levels.
You visited the Abyss 1 time.

You collected 164 gold pieces.

Inventory:

Hand Weapons
 a - a +1 falchion (weapon)
 l - a +0 trident
Missiles
 h - 11 poisoned darts (quivered)
 p - 8 boomerangs
Armour
 b - a +0 leather armour (worn)
 n - a cursed +0 cloak (worn)
Jewellery
 d - an amulet of magic regeneration (around neck)
 q - a cursed -4 ring of evasion (left hand)
Scrolls
 e - 3 scrolls of remove curse
 f - 3 scrolls of identify
 i - a scroll of immolation {unknown}
 j - a scroll of noise {unknown}
 o - a scroll of teleportation {unknown}
Potions
 g - 2 potions of lignification
 k - a potion of curing
 m - a potion of heal wounds
Comestibles
 c - 11 rations


   Skills:
 * Level 4.7 Fighting
 * Level 3.4 Long Blades
 + Level 0.3 Throwing
 + Level 2.4 Armour
 + Level 1.0 Dodging
 * Level 1.2 Spellcasting
 + Level 2.4 Invocations


You had 6 spell levels left.
You didn't know any spells.
Your spell library was empty.

Dungeon Overview and Level Annotations

Branches:
Dungeon (7/15)             Depths (0/5) D:15
 Temple: D:4-7

Altars:
Fedhas
Gozag
Kikubaaqudgha
Ru
Uskayaw

Annotations:
D:2 1 runed translucent door, Crazy Yiuf


Innate Abilities, Weirdness & Mutations

You cannot be hasted, slowed, berserked, paralysed or teleported.
You can dig through walls and to a lower floor.
Your four strong arms can wield two-handed weapons with a shield.
You have a pair of large antennae on your head. (SInv)


Message History

The killer bee stings you but does no damage.
The killer bee barely misses you.
You riposte.
You closely miss the killer bee. The killer bee stings you.
You are more poisoned.
The killer bee poisons you! A shaft appears beneath you!
You fall into a shaft and drop 3 floors!
The shaft crumbles and collapses.
Beware, you cannot shaft yourself on this level.
A centaur warrior, a guardian mummy, a flayed ghost, 2 skeletal warriors, a zombie and a skeleton come into view.
You feel sick.
The centaur warrior shouts!
You hear a shout!
Found a staircase to the Depths.
As you read the scroll of identify, it crumbles to dust.
m - a potion of heal wounds You feel sick.
The centaur warrior wields a +0 longbow.
The centaur warrior shoots an arrow.
The arrow hits you!!
Ouch! That really hurt!
You die...

....c.........
.............
............###
...............
...............
...............
...........P..z
#.....@..88zP8
#.........Z.8.
#..Z..8.......
#......P....P.
#...8...8.....
#...8..P.W..8.
#...PP..M.....
#..88.......P.


You could see 2 skeletal warriors, a flayed ghost, a centaur warrior, a guardian
mummy, a fire giant zombie and a stone giant skeleton.

Vanquished Creatures
  An orc wizard (D:3)
  A worker ant (D:3)
  3 adders
  An adder zombie (D:1)
  2 worms
  2 dart slugs (D:2)
  2 leopard geckos
  3 orcs (D:3)
  5 bats
  3 giant cockroaches
  3 goblins
  2 hobgoblins
  3 jackals (D:1)
  6 kobolds
  2 quokkas (D:2)
  A frilled lizard (D:1)
  A giant cockroach zombie (D:1)
  6 rats
47 creatures vanquished.

Notes
Turn   | Place    | Note
-------+----------+-------------------------------------------
     0 | Abyss:1  | Esekla the Formicid Abyssal Knight began the quest for the
                  | Orb.
     0 | Abyss:1  | Reached XP level 1. HP: 18/18 MP: 2/2
    80 | Abyss:1  | Noticed a white draconian
    88 | D:1      | Escaped the Abyss
   504 | D:1      | Reached XP level 2. HP: 25/25 MP: 3/3
   640 | D:1      | Reached skill level 4 in Fighting
   808 | D:1      | You fall into a shaft and drop 1 floor!
   808 | D:2      | Found a hide-covered altar of Uskayaw.
   808 | D:2      | Found a sacrificial altar of Ru.
  1223 | D:2      | Reached XP level 3. HP: 31/31 MP: 4/4
  1356 | D:1      | Reached * piety under Lugonu
  1562 | D:1      | Reached skill level 1 in Dodging
  2070 | D:2      | Found an opulent altar of Gozag.
  2097 | D:2      | Reached XP level 4. HP: 38/38 MP: 5/5
  2325 | D:2      | Found a blossoming altar of Fedhas.
  2421 | D:2      | Found a runed translucent door.
  2422 | D:2      | Noticed Crazy Yiuf
  2730 | D:3      | Reached skill level 1 in Spellcasting
  2869 | D:3      | Reached XP level 5. HP: 32/43 MP: 6/6
  3608 | D:4      | You fall into a shaft and drop 3 floors!
  3613 | D:7      | Noticed a necrophage
  3637 | D:7      | Noticed a hungry ghost
  3638 | D:7      | Found an ancient bone altar of Kikubaaqudgha.
  3638 | D:7      | Found a blossoming altar of Fedhas.
  3645 | D:7      | You fall into a shaft and drop 3 floors!
  3645 | D:10     | Entered Level 10 of the Dungeon
  3645 | D:10     | Noticed a bullfrog
  3645 | D:10     | Noticed an orc warrior
  3649 | D:10     | You fall into a shaft and drop 2 floors!
  3649 | D:12     | Noticed a centaur warrior
  3650 | D:12     | Noticed a yak
  3652 | D:12     | You fall into a shaft and drop 3 floors!
  3652 | D:15     | Entered Level 15 of the Dungeon
  3652 | D:15     | Found a staircase to the Depths.
  3652 | D:15     | Noticed a skeletal warrior
  3652 | D:15     | Noticed a fire giant zombie
  3652 | D:15     | Noticed a flayed ghost
  3652 | D:15     | Noticed a guardian mummy
  3652 | D:15     | Noticed a skeletal warrior
  3652 | D:15     | Noticed a centaur warrior
  3653 | D:15     | Shot with an arrow by a centaur warrior

Illustrated notes

Levels and vault maps discovered:
D:1:      saegor_arrival_fortress, layout_loops_corners
D:2:      layout_rooms, grunt_temple_overflow_open, lemuel_round_altar,
          first_ration, nrook_campfire, fedhas_altar_fruit_tree,
          uniq_crazy_yiuf_cottage
D:3:      minmay_inner_zag, layout_basic
D:4:      layout_basic, minmay_temple_entry_offerings, uniq_menkaure
D:7:      kennysheep_slugbush, layout_basic,
          grunt_temple_overflow_growth_and_decay,
          gammafunk_temple_overflow_statue, basic_altar, grunt_ogre_cave
D:10:     layout_long_grid, serial_shops, nicolae_shop_statue_plus, st_stairs_10
D:12:     wad_pebble_path, layout_cave_pools, gammafunk_ghost_icy
D:15:     gammafunk_depths_entry_grave, layout_irregular_city,
          serial_park_square2, kb_rosetta, uniq_kirke

Skill      XL: |  1  2  3  4 |
---------------+-------------+-----
Fighting       | 4 |  4.7
Dodging        | 1 |  1.0
Spellcasting   | 1 |  1.2
Long Blades    | 3 |  3.4
Throwing       | |  0.3
Armour         | |  2.4
Invocations    | |  2.4

Action                   |  1- 3 |  4- 6 || total
-------------------------+-------+-------++-------
Melee: Falchion          |    67 |    65 ||   132
Throw: Dart              |    11 |     6 ||    17
Invok: Depart the Abyss  |     1 |       ||     1
 Abil: Shaft Self        |     1 |     3 ||     4
  Use: Scroll            |       |     4 ||     4
  Eat: Chunk             |     4 |     3 ||     7
       Ration            |       |     1 ||     1
Armor: Leather armour    |    16 |    15 ||    31
Dodge: Dodged            |    33 |    36 ||    69
       Rpst.: Falchion   |    12 |    12 ||    24

Table legend:
 A = Non-vault XP
 B = Vault XP
 C = Vault XP percentage of total XP
 D = Non-vault monster count
 E = Vault monster count
 F = Vault count percentage of total count
                 A         B        C        D         E       F
            +---------+---------+-------+---------+---------+-------
      Total |     176 |      19 |   9.7 |      40 |       7 |  14.9
            +---------+---------+-------+---------+---------+-------
        D:1 |      29 |       7 |  19.4 |      18 |       2 |  10.0
        D:2 |      55 |       0 |   0.0 |      13 |       0 |   0.0
        D:3 |      92 |      12 |  11.5 |       9 |       5 |  35.7
            +---------+---------+-------+---------+---------+-------
